 Dungeon Sprint DCSS version 0.22.0-27-ga576289601 (webtiles) character file.

450 Freyura the Basher (level 7, -3/48 HPs)
             Began as a Gargoyle Abyssal Knight on Aug 22, 2018.
             Was a Believer of Lugonu.
             Slain by a slime creature (4 damage)
             ... in the Dungeon (Sprint I: "Red Sonja").
             The game lasted 00:03:42 (422 turns).

Freyura the Basher (Gargoyle Abyssal Knight)         Turns: 422, Time: 00:03:42

Health: -3/48      AC: 11    Str: 16    XL:     7   Next: 4%
Magic:  12/12      EV: 12    Int: 12    God:    Lugonu [**....]
Gold:   297        SH:  0    Dex: 11    Spells: 6/6 levels left

rFire    . . .     SeeInvis .   a - +1 mace
rCold    . . .     Gourm    .   (no shield)
rNeg     + . .     Faith    .   e - +0 ring mail
rPois    ∞         Spirit   .   (no helmet)
rElec    +         Reflect  .   (no cloak)
rCorr    .         Harm     .   (no gloves)
MR       .....     NoTele   +   (no boots)
Stlth    +.........             (no amulet)
HPRegen  0.16/turn              (no ring)
MPRegen  0.13/turn              (no ring)

@: no status effects
A: negative energy resistance 1, electricity resistance, unbreathing,
petrification resistance, rot immunity, AC +4
a: Bend Space, Renounce Religion


You were in the Dungeon.
You worshipped Lugonu.
Lugonu was pleased with you.
You were not hungry.

You visited 1 branch You collected 297 gold pieces.

Inventory:

Hand Weapons
 a - a +1 mace (weapon)
Armour
 b - a +0 leather armour
 e - a +0 ring mail (worn)
Wands
 f - a wand of digging (10)
Scrolls
 h - a scroll of remove curse {unknown}
 i - a scroll of blinking
Potions
 d - 3 potions of curing
 g - 2 potions of magic
Comestibles
 c - a ration


   Skills:
 + Level 7.3 Fighting
 * Level 8.8 Maces & Flails
 + Level 6.8 Armour
 + Level 4.7 Dodging
 + Level 6.7 Invocations


You had 6 spell levels left.
You didn't know any spells.
Your spell library was empty.

Dungeon Overview and Level Annotations

Branches:
Dungeon (1/1)

Altars:
Cheibriados
Dithmenos
Elyvilon
Fedhas
Gozag
Hepliaklqana
Kikubaaqudgha
Makhleb
Nemelex Xobeh
Okawaru
Qazlal
Ru
Sif Muna
Trog
Uskayaw
Vehumet
Wu Jian
Xom
Yredelemnul
Zin
The Shining One
Jiyva
Lugonu

Shops:
D %


Innate Abilities, Weirdness & Mutations

You are resistant to torment.
Your stone body is resilient. (AC +4)
You are immune to poison.
You resist negative energy. (rN+)
You are resistant to electric shocks. (rElec)
You can survive without breathing.
You are immune to petrification.
You are immune to rotting.


Message History

The slime creature hits you but does no damage.
You hit the slime creature.
The slime creature is heavily wounded.
The slime creature misses you.
You hit the slime creature.
The slime creature is severely wounded.
The slime creature hits you!
You hit the slime creature.
The slime creature is severely wounded.
You sock the slime creature!
The slime creature is severely wounded.
The slime creature hits you!
* * * LOW HITPOINT WARNING * * *
You sock the slime creature!
The slime creature is almost dead.
The slime creature hits you but does no damage.
You hit the slime creature.
The slime creature is almost dead.
The slime creature hits you.
You die...

################ ##
#<.#..)..#..'..#__#
#..÷..#..').#.@J..+
#..#####'#####'#__#
#..####..#...#.# ##
#..#__####..##.#
#..#_____##'#_.+
#⌠⌠#_.∩...'..._#
####_..__##_.#+#
#_____###+# #######


You could see a slime creature.

Vanquished Creatures
  Sigmund (D)
  A yak (D)
  An ogre (D)
  A jelly (D)
  Ijyb (D)
5 creatures vanquished.

Notes
Turn   | Place    | Note
-------+----------+-------------------------------------------
     0 | D        | Freyura the Gargoyle Abyssal Knight began the quest for the Orb.
     0 | D        | Reached XP level 1. HP: 14/14 MP: 2/2
     1 | D        | Noticed Ijyb
    22 | D        | Killed Ijyb
    22 | D        | Reached skill level 3 in Maces & Flails
    22 | D        | Reached skill level 1 in Dodging
    22 | D        | Reached XP level 2. HP: 18/20 MP: 2/4
    22 | D        | Reached XP level 3. HP: 22/24 MP: 2/5
    44 | D        | Noticed an ogre
    54 | D        | Killed an ogre
    54 | D        | Reached ** piety under Lugonu
    54 | D        | Reached skill level 5 in Fighting
    54 | D        | Reached skill level 5 in Maces & Flails
    54 | D        | Reached XP level 4. HP: 10/31 MP: 4/7
    54 | D        | Reached XP level 5. HP: 11/35 MP: 4/8
   293 | D        | Noticed Sigmund
   302 | D        | Killed Sigmund
   302 | D        | Reached skill level 7 in Maces & Flails
   302 | D        | Reached skill level 5 in Armour
   302 | D        | Reached skill level 5 in Invocations
   302 | D        | Reached XP level 6. HP: 42/42 MP: 8/10
   349 | D        | Found a deep blue altar of Sif Muna.
   350 | D        | Found an ornate altar of the Wu Jian Council.
   356 | D        | Found a radiant altar of Vehumet.
   377 | D        | Found Lokin's Food Emporium.
   377 | D        | Found an ancient bone altar of Kikubaaqudgha.
   377 | D        | Found a hazy altar of Hepliaklqana.
   377 | D        | Found a hide-covered altar of Uskayaw.
   377 | D        | Found a basalt altar of Yredelemnul.
   377 | D        | Found an opulent altar of Gozag.
   377 | D        | Found a snail-covered altar of Cheibriados.
   377 | D        | Found a sacrificial altar of Ru.
   377 | D        | Found a shadowy altar of Dithmenos.
   377 | D        | Noticed a yak
   390 | D        | Killed a yak
   390 | D        | Reached skill level 8 in Maces & Flails
   390 | D        | Reached XP level 7. HP: 37/48 MP: 10/12
   391 | D        | Found a stormy altar of Qazlal.
   391 | D        | Found a blossoming altar of Fedhas.
   391 | D        | Found a bloodstained altar of Trog.
   391 | D        | Found an iron altar of Okawaru.
   391 | D        | Found a glowing golden altar of the Shining One.
   391 | D        | Found a glowing silver altar of Zin.
   391 | D        | Found a white marble altar of Elyvilon.
   392 | D        | Found a sparkling altar of Nemelex Xobeh.
   408 | D        | Found a burning altar of Makhleb.
   408 | D        | Found a viscous altar of Jiyva.
   408 | D        | Found a shimmering altar of Xom.
   408 | D        | Found a corrupted altar of Lugonu.
   408 | D        | Noticed a slime creature
   420 | D        | HP: 1/48 [slime creature (15)]
   422 | D        | Slain by a slime creature

Skill      XL: |  1  2  3  4  5  6 |
---------------+-------------------+-----
Fighting       | 4 5 6 7 |  7.3
Maces & Flails | 3 5 7 8 |  8.8
Armour         | 3 4 5 6 |  6.8
Dodging        | 1 3 4 |  4.7
Invocations    | 3 4 5 6 |  6.7

Action                   |  1- 3 |  4- 6 |  7- 9 || total
-------------------------+-------+-------+-------++-------
Melee: Mace              |    28 |    22 |    13 ||    63
  Use: Potion            |     2 |     1 |       ||     3
Armor: Leather armour    |     7 |       |       ||     7
       Ring mail         |       |     3 |     3 ||     6
Dodge: Dodged            |    11 |    11 |     5 ||    27
